 Dungeon Crawl Stone Soup version 0.28-a0-1616-g050a50673c (webtiles) character file.

Game seed: 3015813814162782330

609 a3don the Digger (level 7, -5/66 HPs)
             Began as a Troll Earth Elementalist on Jan 23, 2022.
             Was an Initiate of Gozag.
             Slain by Duvessa (12 damage)
             ... on level 5 of the Dungeon.
             The game lasted 00:06:11 (3620 turns).

a3don the Digger (Troll Earth Elementalist)         Turns: 3620, Time: 00:06:11

Health: -5/66      AC:  4    Str: 17    XL:     7   Next: 19%
Magic:  18/18      EV: 10    Int: 13    God:    Gozag
Gold:   195        SH:  0    Dex: 16    Spells: 4/10 levels left

rFire   . . .      SeeInvis .     - Unarmed
rCold   . . .      Faith    .   s - orb {light}
rNeg    . . .      Spirit   .   b - +0 robe
rPois   .          Reflect  .   (helmet restricted)
rElec   .          Harm     .   d - scarf {+Inv}
rCorr   .          Rampage  .   (gloves unavailable)
Will    .....                   (boots unavailable)
Stlth   +.........              (no amulet)
HPRegen 1.01/turn               a - ring of magical power
MPRegen 0.16/turn               k - +6 ring of dexterity

@: glowing
A: large, unfitting armour, claws 3, regeneration 1, shaggy fur 1, tough skin 1
a: Renounce Religion, Evoke Invisibility, Potion Petition, Call Merchant, Bribe
Branch


You were on level 5 of the Dungeon.
You worshipped Gozag.
Gozag was aware of your devotion.
You visited 1 branch of the dungeon, and saw 5 of its levels.

You collected 270 gold pieces.
You spent 22 gold pieces at shops.
You paid 53 gold pieces to Gozag.

Inventory:

Missiles
 c - 140 stones
 o - 5 poisoned darts (quivered)
 r - 6 boomerangs
Armour
 b - a +0 robe (worn)
 d - a scarf of invisibility (worn)
 s - an orb of light (worn)
Jewellery
 a - a ring of magical power (left claw)
 j - a ring of flight
 k - a +6 ring of dexterity (right claw)
 l - a ring of magical power
Wands
 v - a wand of digging (8)
Scrolls
 f - a scroll of fog {unknown}
 i - 11 scrolls of identify
 t - a scroll of immolation {unknown}
 u - a scroll of enchant armour {unknown}
 x - a scroll of vulnerability {unknown}
 y - a scroll of enchant weapon {unknown}
Potions
 e - 2 potions of curing {unknown}
 g - 2 potions of brilliance {unknown}
 h - 2 potions of flight {unknown}
 m - 3 potions of invisibility {unknown}
 n - a potion of heal wounds {unknown}
 p - 3 potions of mutation {unknown}
 q - 2 potions of ambrosia {unknown}
 w - a potion of cancellation {unknown}


   Skills:
 + Level 2.7 Fighting
 - Level 1.5 Dodging
 - Level 1.0 Stealth
 + Level 3.2 Unarmed Combat
 + Level 2.0 Spellcasting
 + Level 1.6 Conjurations
 - Level 0.6 Transmutations
 + Level 0.0 Fire Magic
 + Level 4.1 Earth Magic
 - Level 2.0 Evocations


You had 4 spell levels left.
You knew the following spells:

 Your Spells              Type           Power      Damage    Failure   Level
a - Sandblast             Erth           24%        2d8       4%          1
b - Passwall              Tmut/Erth      5%         N/A       14%         2
c - Stone Arrow           Conj/Erth      16%        3d8       24%         3

Your spell library contained the following spells:

 Spells                   Type           Power      Damage    Failure   Level
 Static Discharge         Conj/Air       3%         N/A       28%         2
 Petrify                  Tmut/Erth      7%         N/A       67%         4
 Sticky Flame             Conj/Fire      3%         2d3       88%         4
 Dispel Undead            Necr           1%         3d6       94%         4


Dungeon Overview and Level Annotations

Branches:
Dungeon (5/15)
 Temple: D:4-7

Altars:
Gozag

Shops:
D:2 ?

Annotations:
D:5 2 transporters, Dowan, Duvessa


Innate Abilities, Weirdness & Mutations

You are too large for most types of armour.
You have claws for hands.
Your natural rate of healing is unusually fast.
You are covered in fur. (AC +1)
You have tough skin. (AC +1)


Message History

You claw Duvessa!
Duvessa is severely wounded.
Duvessa hits you with a +0 short sword!
You scratch Duvessa but do no damage.
Duvessa is severely wounded.
Duvessa barely misses you.
You scratch Duvessa but do no damage.
Duvessa is severely wounded.
Duvessa hits you with a +0 short sword!
You scratch Duvessa.
Duvessa is almost dead.
Duvessa hits you with a +0 short sword!
You scratch Duvessa but do no damage.
Duvessa is almost dead.
Dowan says, "My weaknesses are her strengths!"
Duvessa hits you with a +0 short sword!
* * * LOW HITPOINT WARNING * * *
You scratch Duvessa but do no damage.
Duvessa is almost dead.
Duvessa hits you but does no damage.
You scratch Duvessa but do no damage.
Duvessa is almost dead.
Duvessa hits you with a +0 short sword!
* * * LOW HITPOINT WARNING * * *
You completely miss Duvessa.
Duvessa is almost dead.
Duvessa hits you with a +0 short sword!
* * * LOW HITPOINT WARNING * * *
You scratch Duvessa.
Duvessa is almost dead.
Duvessa misses you.
You scratch Duvessa but do no damage.
Duvessa is almost dead.
Dowan gestures wildly while chanting.
Dowan blinks!
Duvessa misses you.
You scratch Duvessa.
Duvessa is almost dead.
Duvessa hits you with a +0 short sword!
You die...
Your body crumbles into a pile of gold.

#+ #.# #.# ##.##
##...#########
#..e..@e§.....
##.###...#########
..........#
#.####..## #.##
#.# #.# #.# #.#
#####


You could see Duvessa and Dowan.

Vanquished Creatures
  A bullfrog (D:4)
  A scorpion (D:4)
  A howler monkey (D:4)
  2 centaur zombies (D:5)
  A jelly (D:2)
  2 bullfrog skeletons
  2 hounds
  Natasha (thrice) (D:3)
  A gnoll (D:1)
  8 adders
  An adder skeleton (D:4)
  4 dart slugs
  5 endoplasms
  7 giant cockroaches
  9 goblins
  3 hobgoblins
  7 jackals
  7 kobolds
  A quokka (D:1)
  2 ball pythons
  9 bats
  2 frilled lizards
  7 rats
86 creatures vanquished.

Notes
Turn   | Place    | Note
-------+----------+-------------------------------------------
     0 | D:1      | a3don the Troll Earth Elementalist began the quest for the
                  | Orb.
     0 | D:1      | Reached XP level 1. HP: 16/16 MP: 1/1
   158 | D:1      | Reached XP level 2. HP: 26/26 MP: 2/2
   260 | D:1      | Reached skill level 3 in Earth Magic
   266 | D:1      | Reached skill level 1 in Unarmed Combat
   340 | D:1      | Found a faded altar of an unknown god.
   435 | D:1      | Reached skill level 1 in Fighting
   435 | D:1      | Reached XP level 3. HP: 31/33 MP: 3/3
   908 | D:2      | Found Avuoliaf's Magic Scroll Shop.
   914 | D:2      | Bought a scroll of identify for 22 gold pieces
  1027 | D:2      | Reached skill level 1 in Evocations
  1027 | D:2      | Reached XP level 4. HP: 38/41 MP: 4/4
  1526 | D:3      | Learned a level 2 spell: Passwall
  1999 | D:3      | Reached XP level 5. HP: 49/49 MP: 5/5
  2074 | D:3      | Noticed Natasha
  2079 | D:3      | Killed Natasha
  2235 | D:3      | Noticed Natasha
  2245 | D:3      | Killed Natasha
  2279 | D:3      | Noticed Natasha
  2286 | D:3      | Killed Natasha
  2322 | D:4      | Reached XP level 6. HP: 57/57 MP: 7/7
  2492 | D:4      | Reached skill level 1 in Conjurations
  2839 | D:4      | Reached skill level 4 in Earth Magic
  2898 | D:4      | Found an opulent altar of Gozag.
  2920 | D:4      | Became a worshipper of Gozag Ym Sagoz the Greedy
  3054 | D:5      | Entered Level 5 of the Dungeon
  3108 | D:5      | Reached XP level 7. HP: 62/66 MP: 8/8
  3145 | D:5      | Learned a level 3 spell: Stone Arrow
  3211 | D:5      | Found a transporter.
  3211 | D:5      | Found a transporter.
  3601 | D:5      | Noticed Duvessa
  3601 | D:5      | Noticed Dowan
  3620 | D:5      | Slain by Duvessa

Illustrated notes

Levels and vault maps discovered:
D:1:      minmay_arrival_jagged, layout_loops_ring,
          chequers_ecumenical_altar_grove, minmay_octomino_e4
D:2:      layout_loops_ring, serial_shops, nicolae_shop_hallway_plus
D:3:      layout_basic, uniq_natasha
D:4:      layout_basic, mainiacjoe_overflow_surrounded_room, dk_rats_in_the_wall
D:5:      gammafunk_steamed_eel, layout_loops_corners, uniq_duvessa

Skill      XL: |  1  2  3  4  5  6  7 |
---------------+----------------------+-----
Earth Magic    | 3 4 |  4.1
Unarmed Combat | 1 2 3 |  3.2
Fighting       | 1 2 |  2.7
Evocations     | 1 2 |  2.0
Conjurations   | 1 |  1.6
Spellcasting   | 2 |  2.0
Dodging        | |  1.5
Stealth        | |  1.0
Transmutations | |  0.6

Action                   |  1- 3 |  4- 6 |  7- 9 || total
-------------------------+-------+-------+-------++-------
Melee: Unarmed           |   109 |   146 |    34 ||   289
       Punch             |       |     1 |       ||     1
 Stab: Sleeping          |     5 |     2 |       ||     7
Armor: Robe              |    54 |    53 |    14 ||   121
Dodge: Dodged            |    71 |    66 |    17 ||   154

Table legend: (Time is in decaauts)
 A = Elapsed time spent in this place.
 B = Non-inter-level travel time spent in this place.
 C = Inter-level travel time spent in this place.
 D = Time resting spent in this place.
 E = Time spent auto-exploring this place.
 F = Levels seen in this place.
 G = Mean time per level.
                   A        B        C        D        E       F      G
               +--------+--------+--------+--------+--------+-----+--------+
         Total |   3609 |   3472 |    137 |     14 |   2758 |   5 |  721.8 |
       Dungeon |   3609 |   3472 |    137 |     14 |   2758 |   5 |  721.8 |
               +--------+--------+--------+--------+--------+-----+--------+

Top non-repeatable levels by time:
     D:1: 857 daAuts
     D:3: 784 daAuts
     D:4: 748 daAuts
     D:2: 654 daAuts
     D:5: 563 daAuts
